 Dungeon Crawl Stone Soup version 0.27-a0-394-g49c82dfaf2 (webtiles) character file.

Game seed: 1840860399794220105

49 tilp the Sneak (level 3, -2/23 HPs)
             Began as an Octopode Transmuter on Feb 20, 2021.
             Slain by a gnoll
             ... wielding a +0 halberd
              (13 damage)
             ... on level 2 of the Dungeon.
             The game lasted 00:01:40 (1266 turns).

tilp the Sneak (Octopode Transmuter)                Turns: 1266, Time: 00:01:41

Health: -2/23      AC:  1    Str:  9    XL:     3   Next: 77%
Magic:  6/6        EV: 13    Int: 16    God:
Gold:   35         SH:  0    Dex: 12    Spells: 3/6 levels left

rFire    . . .     SeeInvis .     - Unarmed
rCold    . . .     Faith    .   (no shield)
rNeg     . . .     Spirit   .   (helmet restricted)
rPois    .         Reflect  .   (no amulet)
rElec    .         Harm     .   (no ring)
rCorr    .         Rampage  .   (no ring)
Will     .....                  (no ring)
Stlth    +++.......             (no ring)
HPRegen  0.07/turn              (no ring)
MPRegen  0.10/turn              (no ring)
                                (no ring)
                                (no ring)

@: no status effects
A: almost no armour, stealthy swim, amphibious, 8 rings, constrict 8, camouflage
1, gelatinous body 1
a: no special abilities


You were on level 2 of the Dungeon.
You visited 1 branch of the dungeon, and saw 2 of its levels.

You collected 35 gold pieces.

Inventory:

Missiles
 a - 65 stones (quivered)
 d - 2 boomerangs
Scrolls
 b - a scroll of fog {unknown}
 c - a scroll of amnesia {unknown}
Potions
 e - a potion of might {unknown}


   Skills:
 + Level 1.5 Fighting
 - Level 2.0 Dodging
 - Level 4.0 Stealth
 + Level 3.2 Unarmed Combat
 - Level 2.0 Spellcasting
 - Level 2.0 Transmutations


You had 3 spell levels left.
You knew the following spells:

 Your Spells              Type           Power        Failure   Level
a - Beastly Appendage     Tmut           16%          9%          1
b - Wereblood             Tmut           8%           14%         2

Your spell library contained the following spells:

 Spells                   Type           Power        Failure   Level
 Spider Form              Tmut/Pois      2%           38%         3
 Ice Form                 Ice/Tmut       4%           80%         4
 Blade Hands              Tmut           4%           94%         5


Dungeon Overview and Level Annotations

Branches:
Dungeon (2/15)

Altars:

Annotations:
D:2 Jessica


Innate Abilities, Weirdness & Mutations

You cannot wear most types of armour.
You are very stealthy in the water. (Stealth+)
You are amphibious.
You can wear up to eight rings at the same time.
You can use your tentacles to constrict eight enemies at once.
Your skin changes colour to match your surroundings (Stealth+).
Your rubbery body absorbs attacks. (AC +1, EV +1)


Message History

You closely miss the rat. You grab the rat.
You pierce the rat.
The rat is moderately wounded.
Your tentacle spike disappears.
You constrict the rat.
You kill the rat!
You hear a shout! x2
A gnoll comes into view. It is wielding a +0 club.
You hear a shout!
A gnoll comes into view. It is wielding a +0 halberd.
You tentacle-slap the gnoll but do no damage.
Your grab misses the gnoll.
Your tentacle-slap misses the gnoll.
You squeeze the gnoll!
The gnoll is almost dead.
You howl as the wereblood boils in your veins!
You hear a shout!
The goblin hits you with a +0 dagger. The gnoll hits you with a +0 whip!
You tentacle-slap the gnoll.
You kill the gnoll!
The goblin misses you.
A gnoll comes into view. It is wielding a +0 flail.
You tentacle-slap the goblin. Your grab misses the goblin.
The goblin is severely wounded.
Your primal bloodlust has ended.
The goblin closely misses you.
The gnoll throws a throwing net.
The throwing net misses you.
You closely miss the goblin. Your grab misses the goblin.
The goblin is severely wounded.
The goblin hits you with a +0 dagger.
You barely miss the goblin. You grab the goblin.
The goblin is severely wounded.
You constrict the goblin.
You kill the goblin!
Jessica the Apprentice Sorceress comes into view.
She is wielding a +0 dagger.
You see here a hobgoblin corpse.
A rat comes into view.
You see here a throwing net.
There is a stone staircase leading up here.
The gnoll hits you from afar with a +0 halberd!
Ouch! That really hurt!
You die...

<..#)# #.#.##
#.)†.# #.#@.#
#..g.# .#
#....# #.#
#..g.###.#
#####..g....##
.......@...#.#.
#.##...........
..##.......##.#
...........# #
####...†...#
#.......#
#.........
####.####...
... #.#


You could see 3 gnolls and Jessica.

Vanquished Creatures
  A gnoll (D:2)
  A dart slug (D:1)
  A leopard gecko (D:1)
  A ball python (D:1)
  4 bats (D:1)
  2 giant cockroaches (D:1)
  4 hobgoblins
  6 kobolds (D:1)
  5 frilled lizards
  6 goblins
  7 rats
38 creatures vanquished.

Notes
Turn   | Place    | Note
-------+----------+-------------------------------------------
     0 | D:1      | tilp the Octopode Transmuter began the quest for the Orb.
     0 | D:1      | Reached XP level 1. HP: 13/13 MP: 3/3
    25 | D:1      | Reached skill level 1 in Stealth
    71 | D:1      | Reached skill level 2 in Stealth
    75 | D:1      | Reached XP level 2. HP: 8/18 MP: 3/5
    86 | D:1      | Learned a level 2 spell: Wereblood
   522 | D:1      | Reached skill level 3 in Stealth
   661 | D:1      | Reached XP level 3. HP: 13/23 MP: 3/6
   672 | D:1      | Reached skill level 4 in Stealth
  1259 | D:2      | Noticed Jessica
  1266 | D:2      | Slain by a gnoll

Illustrated notes

Levels and vault maps discovered:
D:1:      dpeg_arrival_connections, layout_basic, minmay_tree_intersection
D:2:      layout_loops_ring, minmay_strange_pillars, uniq_terence,
          uniq_crazy_yiuf_cottage, uniq_jessica

Skill      XL: |  1  2  3 |
---------------+----------+-----
Stealth        | 2 3 4 |  4.0
Fighting       | |  1.5
Dodging        | |  2.0
Unarmed Combat | |  3.2
Spellcasting   | |  2.0
Transmutations | |  2.0

Action                   || total
-------------------------++-------
Melee: Unarmed           ||    63
       Constrict         ||    19
       Tentacles         ||     7
       Kick              ||     7
Throw: Stone             ||    16
 Cast: Beastly Appendage ||     5
       Wereblood         ||     4
 Stab: Sleeping          ||     6
Armor: Skin              ||     4
Dodge: Dodged            ||    41

Table legend: (Time is in decaauts)
 A = Elapsed time spent in this place.
 B = Non-inter-level travel time spent in this place.
 C = Inter-level travel time spent in this place.
 D = Time resting spent in this place.
 E = Time spent auto-exploring this place.
 F = Levels seen in this place.
 G = Mean time per level.
                   A        B        C        D        E       F      G
               +--------+--------+--------+--------+--------+-----+--------+
         Total |   1264 |   1258 |      6 |    449 |    608 |   2 |  632.0 |
       Dungeon |   1264 |   1258 |      6 |    449 |    608 |   2 |  632.0 |
               +--------+--------+--------+--------+--------+-----+--------+

Top non-repeatable levels by time:
     D:1: 1230 daAuts
     D:2: 34 daAuts
